 Dungeon Crawl Stone Soup version 0.26-a0-651-gb41185065b (webtiles) character file.

Game seed: 15909550495582055058

28 Irenicus the Slasher (level 3, -4/31 HPs)
             Began as a Minotaur Chaos Knight on Oct 29, 2020.
             Was a Plaything of Xom.
             Slain by an adder (5 damage)
             ... on level 2 of the Dungeon.
             The game lasted 00:01:32 (701 turns).

Irenicus the Slasher (Minotaur Chaos Knight)         Turns: 701, Time: 00:01:32

Health: -4/31      AC:  5    Str: 16    XL:     3   Next: 0%
Magic:  2/2        EV: 11    Int:  9    God:    Xom [.*....]
Gold:   80         SH:  0    Dex: 10    Spells: 2/2 levels left

rFire    . . .     SeeInvis .   a - +0 falchion (chaos)
rCold    . . .     Faith    .   (no shield)
rNeg     . . .     Spirit   .   b - +2 leather armour
rPois    .         Reflect  .   (helmet restricted)
rElec    .         Harm     .   (no cloak)
rCorr    .         Rampage  .   (no gloves)
MR       .....                  (no boots)
Stlth    +.........             (no amulet)
HPRegen  0.10/turn              (no ring)
MPRegen  0.08/turn              (no ring)

@: lethally poisoned (-4 -> -11)
A: retaliatory headbutt, horns 2
a: Renounce Religion


You were on level 2 of the Dungeon.
You worshipped Xom.
You were a plaything of Xom.
You visited 1 branch of the dungeon, and saw 2 of its levels.

You collected 80 gold pieces.

Inventory:

Hand Weapons
 a - a +0 falchion of chaos (weapon)
Armour
 b - a +2 leather armour (worn)
Scrolls
 c - a scroll of remove curse {unknown}
 d - a scroll of enchant weapon {unknown}


   Skills:
 - Level 3.6 Fighting
 + Level 5.1 Long Blades
 - Level 2.4 Armour
 - Level 1.1 Dodging


You had 2 spell levels left.
You didn't know any spells.
Your spell library was empty.

Dungeon Overview and Level Annotations

Branches:
Dungeon (2/15)

Altars:
Xom


Innate Abilities, Weirdness & Mutations

You reflexively headbutt those who attack you in melee.
You have a pair of horns on your head.


Message History

You are more poisoned.
Something poisons you!
You take 2 damage, and have 15/31 hp.
You miss something.
You feel sick. Something bites you.
* * * LOW HITPOINT WARNING * * *
You are lethally poisoned!
Something poisons you!
You take 6 damage, and have 9/31 hp.
You miss something.
* * * LOW HITPOINT WARNING * * *
You feel sick. Something bites you but does no damage. Something bites you.
* * * LOW HITPOINT WARNING * * *
You take 5 damage, and have 4/31 hp.
It was a potion of heal wounds.
You feel much better.
Xom thinks this is hilarious!
You feel sick. Something bites you.
You regained 18 hp, and now have 22/31 hp.
You hit something.
Nothing appears to happen.
You feel sick. Something bites you.
You take 4 damage, and have 18/31 hp.
You miss something.
You feel sick. Something bites you but does no damage.
You take 1 damage, and have 17/31 hp.
You barely miss something.
You feel sick. Something bites you but does no damage.
You take 1 damage, and have 16/31 hp.
You hit something but do no damage.
Nothing appears to happen.
You feel sick. Something bites you. Something bites you but does no damage.
You take 3 damage, and have 13/31 hp.
You miss something. Your headbutt misses something.
You feel sick. Something bites you but does no damage.
You take 1 damage, and have 12/31 hp.
You barely miss something. Your headbutt misses something.
You feel sick. Something bites you.
You take 2 damage, and have 10/31 hp.
You miss something.
Something bites you but does no damage. x2
You completely miss something. Your headbutt misses something.
You feel sick. Something bites you.
* * * LOW HITPOINT WARNING * * *
You take 2 damage, and have 8/31 hp.
You completely miss something.
You feel sick. Something bites you but does no damage.
You take 1 damage, and have 7/31 hp.
You completely miss something. Your headbutt misses something.
Something bites you but does no damage. Something barely misses you.
You closely miss something. Your headbutt misses something.
You feel sick. Something bites you but does no damage.
You take 1 damage, and have 6/31 hp.
You completely miss something. Your headbutt misses something.
Something bites you.
* * * LOW HITPOINT WARNING * * *
You are lethally poisoned!
Something poisons you!
You take 1 damage, and have 5/31 hp.
You completely miss something. Your headbutt misses something.
* * * LOW HITPOINT WARNING * * *
You feel sick.
Something bites you but does no damage. x2
You take 1 damage, and have 4/31 hp.
You completely miss something.
* * * LOW HITPOINT WARNING * * *
You feel sick. Something bites you.
* * * LOW HITPOINT WARNING * * *
You take 2 damage, and have 2/31 hp.
You feel much better. Something bites you.
You regained 18 hp, and now have 20/31 hp.
You miss something.
You feel sick. Something bites you but does no damage. Something bites you.
You take 4 damage, and have 16/31 hp.
You barely miss something.
You feel sick. "Take this token of my esteem."
Something appears at your feet! Something bites you but does no damage.
You take 1 damage, and have 15/31 hp.
Press: ? - help, v - describe, . - travel, g - get item Item here: a pair of gloves {god gift}.
The floor, spattered with blood.
You miss something. Your headbutt misses something.
You feel sick.
Something bites you but does no damage. x2
You completely miss something. Something bites you.
You take 4 damage, and have 11/31 hp.
You miss something. Your headbutt misses something.
You feel sick. Something bites you but does no damage.
You take 1 damage, and have 10/31 hp.
You miss something. Your headbutt misses something. Something bites you.
* * * LOW HITPOINT WARNING * * *
You are lethally poisoned!
Something poisons you! Something bites you but does no damage.
You take 2 damage, and have 8/31 hp.
You closely miss something. Your headbutt misses something.
* * * LOW HITPOINT WARNING * * *
You feel sick. Something bites you.
* * * LOW HITPOINT WARNING * * *
You take 5 damage, and have 3/31 hp.
You barely miss something.
* * * LOW HITPOINT WARNING * * *
You feel sick. Something bites you.
* * * LOW HITPOINT WARNING * * *
You take 2 damage, and have 1/31 hp.
You barely miss something. Something bites you but does no damage.
Something bites you.
You die...

###># #.# #.#
#.# #.# ≈ #.#
≈≈≈ #.#
≈≈≈..######
#.#
≈≈≈...{@..#
#.#
.8...####.#
#.# ... #)#
#.# . #.# #.#
#.##########.#
#............#
##############


There were no monsters in sight!

Vanquished Creatures
  A gnoll (D:1)
  A dart slug (D:1)
  A ball python (D:1)
  2 bats (D:1)
  A giant cockroach (D:1)
  3 goblins
  3 hobgoblins (D:1)
  2 kobolds (D:1)
  A frilled lizard (D:1)
15 creatures vanquished.

Notes
Turn   | Place    | Note
-------+----------+-------------------------------------------
     0 | D:1      | Irenicus the Minotaur Chaos Knight began the quest for the
                  | Orb.
     0 | D:1      | Reached XP level 1. HP: 19/19 MP: 0/0
    23 | D:1      | XOM: silly message
    36 | D:1      | Reached skill level 4 in Long Blades
    62 | D:1      | XOM: silly message
   164 | D:1      | Reached XP level 2. HP: 26/26 MP: 1/1
   270 | D:1      | Reached skill level 5 in Long Blades
   503 | D:1      | XOM: scenery: create altars
   662 | D:2      | Reached XP level 3. HP: 31/31 MP: 2/2
   676 | D:2      | HP: 4/31 [something (5)]
   686 | D:2      | HP: 7/31 [poisoned by an adder]
   691 | D:2      | HP: 3/31 [poisoned by an adder]
   694 | D:2      | XOM: god gift: pair of gloves {god gift}
   699 | D:2      | HP: 7/31 [poisoned by an adder]
   699 | D:2      | HP: 3/31 [something (4)]
   700 | D:2      | HP: 1/31 [something (1)]
   701 | D:2      | Slain by an adder

Illustrated notes

Levels and vault maps discovered:
D:1:      nicolae_arrival_washed_ashore, layout_basic, serial_bayou_pond_c,
          chequers_serial_rivers_small_3, minmay_cupped
D:2:      layout_loops_ring, dancing_weapons_uskayaw, serial_park_tiny_pond

Skill      XL: |  1  2 |
---------------+-------+-----
Long Blades    | 4 5 |  5.1
Fighting       | |  3.6
Armour         | |  2.4
Dodging        | |  1.1

Action                   || total
-------------------------++-------
Melee: Falchion          ||    54
       Headbutt          ||     4
  Use: Potion            ||     2
Armor: Leather armour    ||    28
Dodge: Dodged            ||    22
       Rpst.: Falchion   ||     6

Table legend: (Time is in decaauts)
 A = Elapsed time spent in this place.
 B = Non-inter-level travel time spent in this place.
 C = Inter-level travel time spent in this place.
 D = Time resting spent in this place.
 E = Time spent auto-exploring this place.
 F = Levels seen in this place.
 G = Mean time per level.
                   A        B        C        D        E       F      G
               +--------+--------+--------+--------+--------+-----+--------+
         Total |    712 |    649 |     63 |      0 |    507 |   2 |  356.0 |
       Dungeon |    712 |    649 |     63 |      0 |    507 |   2 |  356.0 |
               +--------+--------+--------+--------+--------+-----+--------+

Top non-repeatable levels by time:
     D:1: 619 daAuts
     D:2: 93 daAuts

Table legend:
 A = Kills in this place as a percentage of kills in entire the game.
 B = Kills by you in this place as a percentage of kills by you in the entire game.
 C = Kills by friends in this place as a percentage of kills by friends in the entire game.
 D = Other kills in this place as a percentage of other kills in the entire game.
 E = Experience gained in this place as a percentage of experience gained in the entire game.
 F = Experience gained in this place divided by the number of levels of this place that you have seen.
                   A       B       C       D       E      F
               +-------+-------+-------+-------+-------+----------------------
         Total | 100.0 | 100.0 |   N/A |   N/A | 100.0 |  20.5
       Dungeon | 100.0 | 100.0 |   N/A |   N/A | 100.0 |  20.5
               +-------+-------+-------+-------+-------+----------------------
